 Dungeon Crawl Stone Soup version 0.28.0-45-g0d030f2227 (webtiles) character file.

Game seed: 2633537318915121919

7 Icepheonix32 the Skirmisher (level 1, -2/18 HPs)
             Began as a Demonspawn Fighter on Apr 8, 2022.
             Slain by a kobold
             ... wielding a +3 short sword
              (5 damage)
             ... on level 1 of the Dungeon.
             The game lasted 00:00:18 (132 turns).

Icepheonix32 the Skirmisher (Demonspawn Fighter)     Turns: 132, Time: 00:00:19

Health: -2/18      AC:  6    Str: 16    XL:     1   Next: 91%
Magic:  1/1        EV:  8    Int:  9    God:
Gold:   12         SH:  4    Dex: 12    Spells: 0/0 levels left

rFire   . . .      SeeInvis .   a - +0 long sword
rCold   . . .      Faith    .   c - +0 buckler
rNeg    . . .      Spirit   .   b - +0 scale mail
rPois   .          Reflect  .   (no helmet)
rElec   .          Harm     .   (no cloak)
rCorr   .          Rampage  .   (no gloves)
Will    .....                   (no boots)
Stlth   ..........              (no amulet)
HPRegen 0.06/turn               (no ring)
MPRegen 0.07/turn               (no ring)

@: no status effects
A: no striking features
a: no special abilities


You were on level 1 of the Dungeon.
You visited 1 branch of the dungeon, and saw 1 of its levels.

You collected 12 gold pieces.

Inventory:

Hand Weapons
 a - a +0 long sword (weapon)
Armour
 b - a +0 scale mail (worn)
 c - a +0 buckler (worn)
Scrolls
 e - 2 scrolls of blinking {unknown}
Potions
 d - a potion of might


   Skills:
 + Level 3.0 Fighting
 - Level 2.1 Long Blades
 + Level 2.7 Armour
 + Level 2.8 Shields


You couldn't memorise any spells.
You didn't know any spells.
Your spell library was empty.

Dungeon Overview and Level Annotations

Branches:
Dungeon (1/15)

Altars:


Message History

No target in view!
No target in view!
No target in view!
No target in view!
No target in view!
A kobold comes into view. It is wielding a +3 short sword.
The kobold shouts!
A kobold is nearby!
A kobold is nearby!
A kobold is nearby!
A kobold is nearby!
The kobold hits you with a +3 short sword!
You completely miss the kobold. You block the kobold's attack.
You closely miss the kobold.
The kobold hits you with a +3 short sword. x2
* * * LOW HITPOINT WARNING * * *
You are too injured to fight recklessly!
You are too injured to fight recklessly!
You are too injured to fight recklessly!
You are too injured to fight recklessly!
You are too injured to fight recklessly!
You are too injured to fight recklessly!
You are too injured to fight recklessly!
You are too injured to fight recklessly!
You are too injured to fight recklessly!
You are too injured to fight recklessly!
You are too injured to fight recklessly!
You are too injured to fight recklessly!
You are too injured to fight recklessly!
You are too injured to fight recklessly!
You are too injured to fight recklessly!
You are too injured to fight recklessly!
You barely miss the kobold. You block the kobold's attack.
Unknown command.
You barely miss the kobold. The kobold completely misses you.
You block the kobold's attack.
You hit the kobold.
The kobold is severely wounded.
The kobold hits you with a +3 short sword.
You die...

#.########.# #.# ####..........#
#.#
###......#####################.#
#................................
...#......#.............#######.#
. #.####.#.............#######.#
..............................#
..#.####.#.............######..#
... #.#.....@K.# #... ..
#.#...?....# ##.# #.#..........#
#.. #.#.###..###.... #####. ..#..
##.# ##. #...#. ####. #.# ##.#...
. +.+ +#'.#... ### ##.###)..
+#'.# #...


You could see a kobold.

Vanquished Creatures
  A dart slug (D:1)
  A hobgoblin (D:1)
  A kobold (D:1)
  A quokka (D:1)
  A ball python (D:1)
5 creatures vanquished.

Notes
Turn   | Place    | Note
-------+----------+-------------------------------------------
     0 | D:1      | Icepheonix32 the Demonspawn Fighter began the quest for the
                  | Orb.
     0 | D:1      | Reached XP level 1. HP: 18/18 MP: 1/1
   132 | D:1      | Slain by a kobold

Illustrated notes

Levels and vault maps discovered:
D:1:      erik_arrival_triangle_large, layout_basic, minmay_strange_pillars

Skill      XL: |  1 |
---------------+----+-----
Long Blades    | 2 |  2.1
Fighting       | |  3.0
Armour         | |  2.7
Shields        | |  2.8

Action                   || total
-------------------------++-------
Melee: Long sword        ||    17
Armor: Scale mail        ||     5
Dodge: Dodged            ||     7
Block: Buckler           ||     7
